 Dungeon Crawl Stone Soup version 0.30.1-11-g7821555f0a (webtiles) character file.

Game seed: 15934356252070013331

65 jagang the Slasher (level 4, 0/37 HPs)
             Began as a Human Monk on Dec 22, 2023.
             Slain by Terence
             ... wielding a +0 flail
              (5 damage)
             ... on level 2 of the Dungeon.
             The game lasted 00:03:29 (1047 turns).

jagang the Slasher (Human Monk)                     Turns: 1047, Time: 00:03:29

Health: 0/37       AC:  3    Str: 12    XL:     4   Next: 35%
Magic:  0/4        EV: 12    Int: 10    God:
Gold:   103        SH:  0    Dex: 17    Spells: 3/3 levels left

rFire   . . .        a - +0 falchion
rCold   + . .        d - orb {light}
rNeg    . . .        k - +0 leather armour
rPois   .            (no helmet)
rElec   .            (no cloak)
rCorr   .            (no gloves)
SInv    .            (no boots)
Will    .....        f - amulet of guardian spirit
Stlth   +            i - ring of protection from cold
HPRegen 0.26/turn    (no ring)
MPRegen 0.09/turn

%: guardian spirit
@: glowing
A: no striking features
a: no special abilities


You were on level 2 of the Dungeon.
You visited 1 branch of the dungeon, and saw 2 of its levels.

You collected 103 gold pieces.

Inventory:

Hand Weapons
 a - a +0 falchion (weapon)
Armour
 b - a +0 chain mail
 d - an orb of light (worn)
 k - a +0 leather armour (worn)
Jewellery
 f - an amulet of guardian spirit (around neck)
 i - a ring of protection from cold (left hand)
 l - a +4 ring of protection
Scrolls
 e - a scroll of immolation {unknown}
 j - a scroll of amnesia {unknown}
 m - a scroll of fog {unknown}
Potions
 c - 2 potions of ambrosia
 g - 2 potions of curing {unknown}
 h - 2 potions of heal wounds
 n - a potion of berserk rage {unknown}


   Skills:
 + Level 3.6 Fighting
 + Level 3.7 Long Blades
 + Level 2.0 Armour
 - Level 3.0 Dodging


You had 3 spell levels left.
You didn't know any spells.
Your spell library was empty.

Dungeon Overview and Level Annotations

Branches:
Dungeon (2/15)

Altars:

Annotations:
D:2 Terence


Message History

Your Armour skill increases to level 2!
You have reached level 4!
You feel stronger.
You hit Terence.
Terence is lightly wounded.
Terence hits you with a +0 flail!
You hit Terence.
Terence is moderately wounded.
Terence barely misses you.
You hit Terence.
Terence is heavily wounded.
Terence hits you with a +0 flail.
You hit Terence but do no damage.
Terence is heavily wounded.
Terence completely misses you.
You hit Terence.
Terence is severely wounded.
Terence closely misses you.
You hit Terence but do no damage.
Terence is severely wounded.
Terence hits you with a +0 flail!
You completely miss Terence.
Terence is severely wounded.
Terence hits you but does no damage.
You hit Terence but do no damage.
Terence is severely wounded.
Terence misses you. Terence hits you with a +0 flail.
The rat twitches its whiskers.
You hit Terence but do no damage.
Terence is severely wounded.
Terence hits you with a +0 flail.
* * * LOW HITPOINT WARNING * * *
You barely miss Terence.
Terence is severely wounded.
Terence hits you with a +0 flail.
* * * LOW HITPOINT WARNING * * *
You hit Terence but do no damage.
Terence is severely wounded.
Terence hits you with a +0 flail.
You die...

##.#### ##..... ..#
###+##....### ..
...)......... ..
........#.#.# .#
..........#.######..#
###+#####.#.#....#..#
#...#.........#
##......##@##..#
#..######@## ... #..#
#.r.# . #..# #...#
#### .....# #.#....
#.#.#.#. . .# .#.. ##
. .# .)


You could see Terence and a rat.

Vanquished Creatures
  Natasha (D:2)
  3 endoplasms (D:1)
  A giant cockroach (D:1)
  4 goblins
  5 hobgoblins
  5 quokkas
  2 ball pythons (D:1)
  6 bats (D:1)
  3 frilled lizards
  4 kobolds (D:1)
  4 rats (D:1)
38 creatures vanquished.

Notes
Turn   | Place    | Note
-------+----------+-------------------------------------------
     0 | D:1      | jagang the Human Monk began the quest for the Orb.
     0 | D:1      | Reached XP level 1. HP: 18/18 MP: 1/1
   100 | D:1      | Reached XP level 2. HP: 21/24 MP: 2/2
   152 | D:1      | Reached skill level 1 in Armour
   373 | D:1      | Reached XP level 3. HP: 28/29 MP: 3/3
  1022 | D:2      | Noticed Natasha
  1023 | D:2      | Noticed Terence
  1036 | D:2      | Killed Natasha
  1037 | D:2      | Reached XP level 4. HP: 31/37 MP: 2/4
  1047 | D:2      | Slain by Terence

Illustrated notes

Levels and vault maps discovered:
D:1:      scummos_arrival_hexagon, layout_loops_ring, kennysheep_pointless_box,
          chequers_serial_rivers_marsh, minmay_vboxes
D:2:      kennysheep_six_static_rooms, layout_basic,
          hellmonk_ecumenical_altar_blasted, basic_altar, minmay_misc_feat_chi,
          minmay_tromino_v4_a, uniq_natasha, uniq_terence

Skill      XL: |  1  2  3 |
---------------+----------+-----
Armour         | 1 2 |  2.0
Fighting       | |  3.6
Long Blades    | |  3.7
Dodging        | |  3.0

Action                     |  1- 3 |  4- 6 || total
---------------------------+-------+-------++-------
  Melee: Falchion          |    90 |    11 ||   101
    Use: Potion            |     1 |       ||     1
   Stab: Sleeping          |     1 |       ||     1
 Armour: Robe              |     7 |       ||     7
         Leather armour    |     8 |     1 ||     9
  Dodge: Dodged            |    60 |     4 ||    64
